 Dungeon Crawl Stone Soup version 0.30.1-9-gdf580d7c3d (webtiles) character file.

Game seed: 15168111908793746025

74 Ivernyr the Shield-Bearer (level 4, 37/37 HPs)
             Began as a Formicid Fighter on Oct 9, 2023.
             Got out of the dungeon alive.
             The game lasted 00:03:10 (1673 turns).

Ivernyr the Shield-Bearer (Formicid Fighter)        Turns: 1673, Time: 00:03:10

Health: 37/37      AC:  7    Str: 22    XL:     4   Next: 54%
Magic:  4/4        EV:  9    Int:  8    God:
Gold:   134        SH:  5    Dex: 13    Spells: 3/3 levels left

rFire   . . .        a - +0 war axe
rCold   . . .        c - +0 buckler
rNeg    . . .        b - +0 scale mail
rPois   .            (helmet unavailable)
rElec   .            (no cloak)
rCorr   .            (no gloves)
SInv    +            (no boots)
Will    .....        (no amulet) Stlth
                     (no ring)
HPRegen 0.26/turn    (no ring)
MPRegen 0.09/turn

%: no passive effects
@: no status effects
A: permanent stasis, dig shafts and tunnels, antennae 3, four strong arms
a: Dig, Shaft Self


You escaped.
You visited 1 branch of the dungeon, and saw 2 of its levels.

You collected 134 gold pieces.

Inventory:

Hand Weapons
 a - a +0 war axe (weapon)
Armour
 b - a +0 scale mail (worn)
 c - a +0 buckler (worn)
Scrolls
 e - a scroll of identify {unknown}
 g - a scroll of brand weapon {unknown}
 h - a scroll of vulnerability {unknown}
 i - a scroll of fear {unknown}
 l - 2 scrolls of teleportation {unknown}
 o - a scroll of noise {unknown}
Potions
 d - 2 potions of might
 f - 2 potions of degeneration {unknown}
 j - a potion of magic {unknown}
 k - a potion of heal wounds {unknown}
 m - a potion of curing {unknown}
 n - a potion of berserk rage {unknown}


   Skills:
 + Level 3.8 Fighting
 * Level 3.2 Axes
 + Level 3.8 Armour
 + Level 4.6 Shields


You had 3 spell levels left.
You didn't know any spells.
Your spell library was empty.

Dungeon Overview and Level Annotations

Branches:
Dungeon (2/15)

Altars:


Innate Abilities, Weirdness & Mutations

You cannot be hasted, slowed, berserked, paralysed or teleported.
You can dig through walls and to a lower floor.
You have a pair of large antennae on your head. (SInv)
Your four strong arms can wield two-handed weapons with a shield.


Message History

You slash the bat!
You kill the bat!
The bat barely misses you. The bat hits you but does no damage.
You see here a bat corpse.
The bat closely misses you.
A bat is nearby!
You hit the bat.
The bat is heavily wounded.
The bat barely misses you.
You hit the bat.
You kill the bat!
You see here an orb of energy.
You open the door.
There is an open door here.
There is an open door here.
You open the door.
There is an open door here.
There is a fountain of clear blue water here.
You open the door.
There is an open door here.
You see here a +0 scale mail.
You see here a +0 whip.
There is an open door here.
Done exploring.
Done exploring.
(D) Dungeon
Where to? (Enter - D:2, ? - help)
What level of the Dungeon? (default 1, ? - help)
There is an open door here.
You see here a +0 whip.
You open the door.
There is an open door here.
There is a stone staircase leading up here.
You climb upwards.
There is a stone staircase leading down here.
There is an open door here.
There is a staircase leading out of the dungeon here.
Are you sure you want to leave the Dungeon?
This will make you lose the game!
You have escaped!

##.#
#...#########...##
#..# ##.###...#
###.....####.#
.........#
##'.......'##.#
...###...#
#.##.....##.#.# ...#
#####
##.##.=.##.##.#####
...#
##'##.##'###.....#
...#
##.##.##.###.....#
...#
#####(..#'#...##.....#
...#
#..'..@.'.'....#.....#
####
#.###...###...##.....#
#..###.## ##.##...####
##.############.#.#
#.........# #.#.####
###########.#######.#
#.#....# .........##.#
#.# #.#....#
.........##.##
#.#####.#....#
........)....#
#.....#.#....#


There were no monsters in sight!

Vanquished Creatures
  3 adders (D:2)
  3 dart slugs (D:1)
  5 bats (D:2)
  3 endoplasms (D:1)
  4 giant cockroaches
  2 hobgoblins
  4 kobolds
  A quokka (D:1)
  4 ball pythons
  2 frilled lizards (D:1)
  5 goblins
  4 rats
40 creatures vanquished.

Notes
Turn   | Place    | Note
-------+----------+-------------------------------------------
     0 | D:1      | Ivernyr the Formicid Fighter began the quest for the Orb.
     0 | D:1      | Reached XP level 1. HP: 18/18 MP: 1/1
   241 | D:1      | Reached XP level 2. HP: 20/24 MP: 2/2
   487 | D:1      | Reached XP level 3. HP: 29/29 MP: 3/3
  1005 | D:2      | Reached XP level 4. HP: 37/37 MP: 4/4
  1673 | D:$      | Got out of the dungeon alive.

Illustrated notes

Levels and vault maps discovered:
D:1:      dpeg_arrival_rhombi, layout_basic
D:2:      minmay_recursive_quarters, layout_basic, minmay_fountain_box

Skill      XL: |  1  2  3 |
---------------+----------+-----
Axes           | 3 |  3.2
Fighting       | |  3.8
Armour         | |  3.8
Shields        | |  4.6

Action                     |  1- 3 |  4- 6 || total
---------------------------+-------+-------++-------
  Melee: War axe           |    65 |    26 ||    91
 Armour: Scale mail        |    29 |    16 ||    45
  Dodge: Dodged            |    27 |    16 ||    43
  Block: Buckler           |    12 |     9 ||    21
